AoeStats
← 太阳当空照

Arena

509832309Analyzed
2v2 RM · 5d ago on Sep 28, 2026· 22m 10s· 4 players
Game mode
Random Map
Map size
Medium (4 player)
Population
200
Speed
Normal
Resources
Standard
Victory
Conquest
Starting age
Dark Age
Ending age
Imperial Age
RankedLock teamsTeams togetherTeam positionsShared explorationLock speedFull tech treeHidden civsTurbo modeCheats
Victory
Defeat
🇨🇳 Mongols · China
1226
+10
🇨🇳 Spanish · China
1194
+10
🇨🇳 Spanish · China
1102
-11
🇨🇳 Hindustanis · China
1049
-9
火枪
13:02 Feudal Age
17:37 Castle Age
15:56 Town Watch
16:00 Double-Bit Axe
16:43 Horse Collar
18:41 Town Watch
梅西中国行
0:28 Loom
11:11 Feudal Age
21:17 Castle Age
小虾米
9:57 Feudal Age
12:07 Double-Bit Axe
14:32 Castle Age
13:37 Horse Collar
13:49 Fletching
15:27 Bodkin Arrow
16:58 Loom
太阳当空照
10:53 Feudal Age
14:56 Castle Age
13:52 Double-Bit Axe
13:48 Horse Collar
17:30 Padded Archer Armor
Connection lost

Rejoining the realm…

Still unreachable

The connection could not be restored.

Session expired

The server has moved on; the page needs a fresh start.